 Dungeon Crawl Stone Soup version 0.30-a0-122-g2a1322497e (webtiles) character file.

Game seed: 5019028700065973932

2733 greasedhog the Basher (level 9, -1/54 HPs)
             Began as a Gargoyle Cinder Acolyte on Sept 16, 2022.
             Was an Elder of Ignis.
             Slain by an acid dragon (5 damage)
             ... on level 8 of the Dungeon.
             The game lasted 00:09:01 (8362 turns).

greasedhog the Basher (Gargoyle Cinder Acolyte)     Turns: 8362, Time: 00:09:02

Health: -1/54      AC:  6    Str: 20    XL:     9   Next: 67%
Magic:  0/10       EV: 10    Int: 15    God:    Ignis [****..]
Gold:   448        SH:  6    Dex:  7    Spells: 10/10 levels left

rFire   + . .      SeeInvis .    s - +5 mace of Mast {vorpal, rElec}
rCold   . . .      Faith    .    y - +0 kite shield
rNeg    + + .      Spirit   +    b - +2 ring mail {rN+}
rPois   ∞          Reflect  .    (no helmet)
rElec   +          Harm     .    (no cloak)
rCorr   .          Rampage  .    (no gloves)
Will    .....                    (no boots)
Stlth   ..........               h - amulet of guardian spirit
HPRegen 0.18/turn                (no ring)
MPRegen 0.12/turn                (no ring)

@: corroded
A: sickness immunity, AC +6, negative energy resistance 1, electricity
resistance, torment resistance 1, petrification resistance
a: Renounce Religion, Fiery Armour, Foxfire Swarm, Rising Flame


You were on level 8 of the Dungeon.
You worshipped Ignis.
Ignis was greatly pleased with you.
You visited 2 branches of the dungeon, and saw 9 of its levels.
You also visited: Sewer.

You collected 448 gold pieces.

Inventory:

Hand Weapons
 s - the +5 mace of Mast (weapon) {vorpal, rElec}
   (You found it on level 5 of the Dungeon)

   It inflicts extra damage upon your enemies.
   rElec:     It insulates you from electricity.
Armour
 b - a +2 ring mail of positive energy (worn)
 y - a +0 kite shield (worn)
Jewellery
 h - an amulet of guardian spirit (around neck)
 t - an amulet of magic regeneration
 A - a +6 ring of strength
Wands
 i - a wand of flame (11)
 p - a wand of paralysis (4)
 u - a wand of mindburst (6)
 x - a wand of polymorph (8)
 D - a wand of iceblast (5)
Scrolls
 a - a scroll of amnesia
 e - 3 scrolls of poison
 f - 4 scrolls of identify
 k - 2 scrolls of summoning
 l - 5 scrolls of teleportation
 n - a scroll of enchant armour
 w - a scroll of fog
Potions
 c - 4 potions of heal wounds
 d - a potion of resistance {unknown}
 g - 4 potions of curing {unknown}
 j - a potion of flight {unknown}
 m - 2 potions of berserk rage {unknown}
 o - 2 potions of mutation {unknown}
 q - 2 potions of might
 r - a potion of lignification {unknown}
 v - a potion of experience {unknown}
 z - a potion of attraction {unknown}
 B - 2 potions of magic {unknown}
 C - a potion of invisibility {unknown}


   Skills:
 - Level 5.0 Fighting
 * Level 9.7 Maces & Flails
 - Level 5.4 Armour
 - Level 5.1 Dodging
 * Level 1.8 Shields
 - Level 1.0 Spellcasting
 - Level 3.0 Fire Magic


You had 10 spell levels left.
You didn't know any spells.
Your spell library contained the following spells:

 Spells                   Type           Power      Damage    Failure   Level
 Scorch                   Fire           18%        2d6       50%         2
 Beastly Appendage        Tmut           0%         N/A       78%         1
 Wereblood                Tmut           0%         N/A       89%         2
 Ignite Poison            Fire/Tmut/Pois 3%         N/A       95%         3
 Spider Form              Tmut/Pois      0%         N/A       98%         3
 Sticky Flame             Conj/Fire      5%         2d3       100%        4


Dungeon Overview and Level Annotations

Branches:
Dungeon (8/15)             Temple (1/1) D:4           Sewer (visited)
   Lair: D:8-11

Altars:
Ashenzari
Cheibriados
Dithmenos
Elyvilon
Fedhas
Hepliaklqana
Makhleb
Nemelex Xobeh
Qazlal
Ru
Sif Muna
Trog
Vehumet
Wu Jian
Xom
Yredelemnul
Zin
The Shining One

Shops:
D:1 [   D:5 *


Innate Abilities, Weirdness & Mutations

You are immune to sickness and miasma.
Your stone body is resilient. (AC +6)
You are immune to poison.
You resist negative energy. (rN+)
You are resistant to electric shocks. (rElec)
You are resistant to unholy torment.
You are immune to petrification.


Message History

Found 5 stones.
You see here 5 stones.
You see here 5 stones.
Found a stone staircase leading down.
c - 4 potions of heal wounds (gained 1)
B - 2 metallic green potions No target in view!
f - 4 scrolls of identify (gained 1)
There is a stone staircase leading down here.
Found a dagger.
You now have 448 gold pieces (gained 17).
You pick up a book of Changes and begin reading...
You add the spells Beastly Appendage, Wereblood and Spider Form to your library.
C - an orange potion
Okay, then.
D - a wand of iceblast (5)
An acid dragon comes into view.
An acid dragon is nearby!
An acid dragon is nearby!
The acid dragon roars!
The acid dragon spits acid at you. The splash of acid hits you!!
The acid corrodes you! The acid dragon bites you!
The acid dragon claws you but does no damage.
You hit the acid dragon.
The acid dragon is lightly wounded.
You block the acid dragon's attack. The acid dragon claws you.
You sock the acid dragon!
The acid dragon is almost dead.
The acid dragon barely misses you. The acid dragon claws you.
You hit the acid dragon.
The acid dragon is almost dead.
The acid dragon spits acid at you. The splash of acid hits you!!
* * * LOW HITPOINT WARNING * * *
The acid corrodes you!
You hit the acid dragon but do no damage.
The acid dragon is almost dead.
The acid dragon bites you.
You die...

###### .....########
#........####
≈≈#@..........#
#≈D..#..8..#..#
#≈...##...##..##
#≈...#######..[####
#≈...##.).##......#
####≈...#..8..#......#
≈≈≈≈≈#...............#
##.................#
#.....######.(...(#


You could see an acid dragon (catching breath).

Vanquished Creatures
  Grinder (D:3)
  Prince Ribbit (D:6)
  Eustachio (D:5)
  A steam dragon (D:6)
  A water moccasin (D:7)
  The ghost of hgbash the Conjurer, an amateur GrCj (D:4)
  An ice beast (D:5)
  3 sky beasts
  2 black bears
  A centaur (D:7)
  A kobold brigand (D:7)
  A necrophage (D:6)
  3 scorpions
  A gnoll bouda (D:4)
  2 orc priests
  5 hounds
  5 iguanas
  Ijyb (D:5)
  Natasha (D:2)
  7 orc wizards
  10 gnolls
  15 adders
  A shadow imp (D:6)
  2 white imps
  4 worms
  A dart slug (D:1)
  12 orcs
  4 bats
  7 endoplasms
  A giant cockroach (D:1)
  6 goblins
  8 hobgoblins
  2 jackals (D:3)
  4 quokkas
  11 ball pythons
  4 frilled lizards (D:1)
  23 kobolds
  6 rats
161 creatures vanquished.

Vanquished Creatures (others)
  A sky beast (D:7)
  An orc wizard (D:7)
2 creatures vanquished.

Grand Total: 163 creatures vanquished

Notes
Turn   | Place    | Note
-------+----------+-------------------------------------------
     0 | D:1      | greasedhog the Gargoyle Cinder Acolyte began the quest for
                  | the Orb.
     0 | D:1      | Reached XP level 1. HP: 14/14 MP: 2/2
   358 | D:1      | Reached XP level 2. HP: 17/19 MP: 3/3
  1078 | D:1      | Reached XP level 3. HP: 7/24 MP: 4/4
  1657 | D:1      | Found Jucyxt's Antique Armour Shop.
  1971 | D:2      | Reached XP level 4. HP: 24/30 MP: 5/5
  1974 | D:2      | Reached skill level 4 in Maces & Flails
  2574 | D:2      | Noticed Natasha
  2580 | D:2      | Killed Natasha
  2581 | D:2      | Reached skill level 5 in Fighting
  2581 | D:2      | Reached XP level 5. HP: 25/35 MP: 6/6
  3008 | D:3      | Noticed Grinder
  3014 | D:3      | Paralysed by Grinder for 4 turns
  3029 | D:3      | Killed Grinder
  3030 | D:3      | Reached skill level 5 in Maces & Flails
  3030 | D:3      | Reached XP level 6. HP: 16/40 MP: 7/7
  3491 | D:4      | Noticed hgbash's ghost (amateur GrCj)
  3491 | D:4      | Found a runed translucent door.
  3914 | D:4      | Reached XP level 7. HP: 17/44 MP: 3/8
  4274 | D:4      | Found a staircase to the Ecumenical Temple.
  4287 | Temple   | Entered the Ecumenical Temple
  4510 | D:4      | Reached skill level 6 in Maces & Flails
  4839 | D:4      | Killed hgbash's ghost
  4948 | D:5      | Entered Level 5 of the Dungeon
  5022 | D:5      | Noticed Ijyb
  5023 | D:5      | Found Useqehy's Mayhem Merchandise.
  5038 | D:5      | Paralysed by Ijyb for 2 turns
  5043 | D:5      | Paralysed by Ijyb for 4 turns
  5051 | D:5      | Killed Ijyb
  5114 | D:5      | Reached skill level 5 in Armour
  5119 | D:5      | Identified the +5 mace of Mast {vorpal, rElec}
  5241 | D:5      | Reached XP level 8. HP: 20/49 MP: 4/9
  5472 | D:5      | Reached skill level 7 in Maces & Flails
  5496 | D:5      | Found a bloodstained altar of Trog.
  5496 | D:5      | Noticed Eustachio
  5517 | D:5      | Killed Eustachio
  5518 | D:5      | Reached skill level 1 in Dodging
  5742 | D:6      | Identified the +7 quarterstaff "Bucas" {spect, rPois Dex+3}
  5868 | D:6      | Reached skill level 8 in Maces & Flails
  5906 | D:6      | Found a glowing drain.
  5934 | Sewer    | Entered a sewer
  6455 | D:6      | Noticed Prince Ribbit
  6485 | D:6      | Killed Prince Ribbit
  6486 | D:6      | Reached XP level 9. HP: 20/54 MP: 4/10
  6675 | D:6      | Found a sacrificial altar of Ru.
  6677 | D:6      | Found a stormy altar of Qazlal.
  6965 | D:7      | Reached skill level 9 in Maces & Flails
  6999 | D:7      | Found a shimmering blue altar of Sif Muna.
  7104 | D:7      | Reached skill level 5 in Dodging
  7539 | D:7      | Reached skill level 1 in Shields
  8362 | D:8      | Slain by an acid dragon

Illustrated notes

Levels and vault maps discovered:
D:1:      amcnicky_arrival_flooded_fountain, layout_loops_ring, serial_shops,
          nicolae_square_shop, skrybe_limestone_x
D:2:      layout_rooms, uniq_natasha
D:3:      layout_basic, kennysheep_boxes, uniq_grinder
D:4:      layout_cave_pods, minmay_temple_entry_large_hall,
          hellmonk_ghost_happy_afterlife, kennysheep_cross_bottleneck
D:5:      layout_rooms, mainiacjoe_overflow_catwalk, minmay_shop_mayhem,
          uniq_eustachio, uniq_ijyb
D:6:      layout_rooms, jmf_multi_god_temple, cheibrodos_sewer_entry_bend,
          uniq_prince_ribbit1
D:7:      layout_loops_corners, led_sif_book, nicolae_figureground_pulse
D:8:      layout_loops_ring, nicolae_overflow_two_pavilions, serial_shops,
          nicolae_lakefront_shop, mrwooster_statue_mirror, uniq_pikel
Temple:   zaba_magenta_temple

Skill      XL: |  1  2  3  4  5  6  7  8  9 |
---------------+----------------------------+-----
Fighting       | 4 5 |  5.0
Maces & Flails | 4 5 6 8 9 |  9.7
Armour         | 3 5 |  5.4
Dodging        | 4 5 |  5.1
Shields        | 1 |  1.8
Spellcasting   | |  1.0
Fire Magic     | |  3.0

Action                   |  1- 3 |  4- 6 |  7- 9 || total
-------------------------+-------+-------+-------++-------
Melee: Mace              |   145 |   137 |   351 ||   633
       Punch             |       |     1 |     1 ||     2
Invok: Fiery Armour      |     1 |     1 |     1 ||     3
Evoke: Wand              |       |       |     4 ||     4
  Use: Scroll            |     3 |     1 |     5 ||     9
Armor: Robe              |    48 |       |       ||    48
       Ring mail         |    46 |    27 |   188 ||   261
       Scale mail        |       |    54 |       ||    54
       Plate armour      |       |    30 |       ||    30
Dodge: Dodged            |   118 |    80 |   139 ||   337
Block: Kite shield       |       |       |    19 ||    19

Table legend: (Time is in decaauts)
 A = Elapsed time spent in this place.
 B = Non-inter-level travel time spent in this place.
 C = Inter-level travel time spent in this place.
 D = Time resting spent in this place.
 E = Time spent auto-exploring this place.
 F = Levels seen in this place.
 G = Mean time per level.
                   A        B        C        D        E       F      G
               +--------+--------+--------+--------+--------+-----+--------+
         Total |   8535 |   8230 |    305 |    787 |   5996 |  10 |  853.5 |
       Dungeon |   8043 |   7757 |    286 |    787 |   5634 |   8 | 1005.4 |
        Temple |     83 |     64 |     19 |      0 |     55 |   1 |   83.0 |
         Sewer |    408 |    408 |      0 |      0 |    306 |   1 |  408.0 |
               +--------+--------+--------+--------+--------+-----+--------+

Top non-repeatable levels by time:
     D:1: 1900 daAuts
     D:4: 1177 daAuts
     D:7: 1167 daAuts
     D:3: 979 daAuts
     D:6: 917 daAuts
     D:2: 878 daAuts
     D:5: 707 daAuts
   Sewer: 408 daAuts
     D:8: 314 daAuts
  Temple: 83 daAuts
